 Dungeon Sprint DCSS version 0.26-a0-1102-g347fe5baa7 (webtiles) character file.

Game seed: 10543306534664791693

72 crux the Insei (level 4, -3/33 HPs)
             Began as an Octopode Transmuter on Dec 16, 2020.
             Slain by a water elemental (21 damage)
             ... in the Dungeon (Sprint III: "The Ten Rune Challenge").
             The game lasted 00:01:14 (254 turns).

crux the Insei (Octopode Transmuter)                 Turns: 254, Time: 00:01:15

Health: -3/33      AC:  5    Str: 10    XL:     4   Next: 25%
Magic:  5/9        EV: 11    Int: 15    God:
Gold:   27         SH:  0    Dex: 12    Spells: 5/10 levels left

rFire    x . .     SeeInvis .     - Unarmed
rCold    + + +     Faith    .   (shield currently unavailable)
rNeg     . . .     Spirit   .   (helmet currently unavailable)
rPois    +         Reflect  .   (no amulet)
rElec    .         Harm     .   (no ring)
rCorr    .         Rampage  .   (no ring)
Will     .....     NoTele   +   (no ring)
Stlth    +.........             (no ring)
HPRegen  0.51/turn              (no ring)
MPRegen  0.11/turn              (no ring)
                                (no ring)
                                (no ring)

@: ice-form
A: large, almost no armour, stealthy swim, amphibious, 8 rings, (constrict 8),
blurry vision 1, regeneration 1
a: End Transformation


You were in the Dungeon.
You were a creature of crystalline ice.
You visited 1 branch You collected 27 gold pieces.

Inventory:

Scrolls
 f - 3 scrolls of torment {unknown}
 g - a scroll of blinking
 h - 5 scrolls of identify
 k - a scroll of remove curse {unknown}
Potions
 a - a potion of attraction {unknown}
 b - a potion of curing
 c - a potion of heal wounds
 d - 3 potions of haste
 e - 2 potions of magic
 i - a potion of lignification {unknown}
 j - a potion of mutation
 l - a potion of berserk rage


   Skills:
 + Level 1.0 Fighting
 + Level 3.3 Dodging
 + Level 6.5 Unarmed Combat
 + Level 3.6 Spellcasting
 + Level 3.5 Transmutations


You had 5 spell levels left.
You knew the following spells:

 Your Spells              Type           Power        Failure   Level
a - Beastly Appendage     Tmut           ##....       4%          1
b - Ice Form              Ice/Tmut       #.......     65%         4

Your spell library contained the following spells:

 Spells                   Type           Power        Failure   Level
 Wereblood                Tmut           ##......     6%          2
 Spider Form              Tmut/Pois      #.........   26%         3
 Blade Hands              Tmut           ##........   75%         5


Dungeon Overview and Level Annotations

Branches:
Dungeon (1/1)

Altars:


Innate Abilities, Weirdness & Mutations

You cannot wear most types of armour.
You are very stealthy in the water. (Stealth+)
You are amphibious.
You can wear up to eight rings at the same time.
((You can use your tentacles to constrict eight enemies at once.))
((Your skin changes colour to match your surroundings (Stealth+).))
((Your rubbery body absorbs attacks. (AC +1, EV +1)))
Scrolls take you a little longer to read.
((Your flesh is cold resistant. (rC+)))
Your natural rate of healing is unusually fast.


Message History

You start waiting.
Your magical contamination has completely faded away.
Casting: Ice Form (potentially lethal; 65% risk of failure)
Confirm with . or Enter, or press ? or * to list all spells.
The spell is potentially lethal to cast (65% risk of failure)!
Continue anyway?
You turn into a creature of crystalline ice.
You open the door.
A water elemental comes into view.
There is an open door to the Ecumenical Temple here.
You hit the water elemental. You freeze the water elemental.
The water elemental is lightly damaged.
The water elemental closely misses you.
You punch the water elemental! You freeze the water elemental.
The water elemental is severely damaged.
The water elemental hits you!
You hit the water elemental but do no damage.
The water elemental is severely damaged.
The water elemental hits you!!
Ouch! That really hurt!
You die...

▓▓▓▓▓▓▓▓▓▓▓ ▓▓▓
.#..+...♣.♣♣ ♣.#
.#..#....♣.♣ ♣.#
'####.....♣♣ ♣.#
††..#....≈.♣♣♣♣.###+#+##
....#...≈≈♣.....#.......
....#..≈≈≈≈.♣...Y.⌠.....
###'#..≈≈≈≈≈≈...#E..####
..[.#.≈≈≈≈≈≈....#.⌠.#
....#.≈≈≈≈≈.....#...#
....#.≈≈≈.......#+###
#####...........#
....)...........#
▓▓▓▓▓▓▓▓▓▓▓▓▓▓▓▓▓


You could see a water elemental.

Vanquished Creatures
  Crazy Yiuf (D)
  Jessica (D)
  A human (D)
  3 rats (D)
6 creatures vanquished.

Notes
Turn   | Place    | Note
-------+----------+-------------------------------------------
     0 | D        | crux the Octopode Transmuter began the quest for the Orb.
     0 | D        | Reached XP level 1. HP: 13/13 MP: 3/3
    11 | D        | Noticed Jessica
    16 | D        | Killed Jessica
    17 | D        | Reached skill level 5 in Unarmed Combat
    17 | D        | Reached XP level 2. HP: 11/18 MP: 4/6
    17 | D        | Reached XP level 3. HP: 15/23 MP: 4/7
   137 | D        | Noticed Crazy Yiuf
   152 | D        | Killed Crazy Yiuf
   153 | D        | Reached skill level 6 in Unarmed Combat
   153 | D        | Reached XP level 4. HP: 28/28 MP: 7/9
   190 | D        | Gained mutation: You tend to lose your temper in combat.
                  | [potion of mutation]
   190 | D        | Gained mutation: Your natural rate of healing is unusually
                  | fast. [potion of mutation]
   190 | D        | Gained mutation: Potions are less effective at restoring
                  | your health. [potion of mutation]
   190 | D        | Gained mutation: You are partially covered in large bone
                  | plates. (SH +4) [potion of mutation]
   191 | D        | Lost mutation: You tend to lose your temper in combat.
                  | [potion of mutation]
   191 | D        | Lost mutation: You are partially covered in large bone
                  | plates. (SH +4) [potion of mutation]
   191 | D        | Gained mutation: Your magical capacity is low. (-10% MP)
                  | [potion of mutation]
   191 | D        | Gained mutation: You are somewhat resistant to further
                  | mutation. [potion of mutation]
   192 | D        | Lost mutation: You are somewhat resistant to further
                  | mutation. [potion of mutation]
   192 | D        | Lost mutation: Your magical capacity is low. (-10% MP)
                  | [potion of mutation]
   192 | D        | Lost mutation: Potions are less effective at restoring your
                  | health. [potion of mutation]
   192 | D        | Gained mutation: Scrolls take you a little longer to read.
                  | [potion of mutation]
   192 | D        | Gained mutation: Your flesh is cold resistant. (rC+)
                  | [potion of mutation]
   199 | D        | Learned a level 4 spell: Ice Form
   250 | D        | Noticed a water elemental
   254 | D        | Slain by a water elemental

Illustrated notes

Levels and vault maps discovered:
D:        dungeon_sprint_mu [sprint_mu_entry_forest, sprint_mu_temple_rooms,
          sprint_mu_d1_spiders, sprint_mu_d2_genie, sprint_mu_d3_branching,
          sprint_mu_orc_legion, sprint_mu_elf_gauntlet, sprint_mu_hive_nellie,
          sprint_mu_lair_fedhas, sprint_mu_vaults_butterflies,
          sprint_mu_slime_circle, sprint_mu_shoals_kraken,
          sprint_mu_snake_twists, sprint_mu_blade_basic,
          sprint_mu_crypt_fortress, sprint_mu_tomb_spiral,
          sprint_mu_vestibule_basic, sprint_mu_gehenna_hellfire,
          sprint_mu_dis_giant, sprint_mu_tartarus_statrot,
          sprint_mu_cocytus_islands, sprint_mu_zot1]

Skill      XL: |  1  2  3 |
---------------+----------+-----
Unarmed Combat | 5 6 |  6.5
Spellcasting   | 3 |  3.6
Transmutations | 3 |  3.5
Dodging        | 3 |  3.3
Fighting       | |  1.0

Action                   |  1- 3 |  4- 6 || total
-------------------------+-------+-------++-------
Melee: Unarmed           |    11 |     3 ||    14
       Kick              |     4 |       ||     4
       Constrict         |     3 |       ||     3
       Punch             |     1 |       ||     1
       Tentacles         |     1 |       ||     1
 Cast: Beastly Appendage |     2 |     1 ||     3
       Ice Form          |       |     1 ||     1
  Use: Potion            |     1 |     3 ||     4
Armor: Skin              |     1 |       ||     1
Dodge: Dodged            |     2 |     1 ||     3

Table legend: (Time is in decaauts)
 A = Elapsed time spent in this place.
 B = Non-inter-level travel time spent in this place.
 C = Inter-level travel time spent in this place.
 D = Time resting spent in this place.
 E = Time spent auto-exploring this place.
 F = Levels seen in this place.
 G = Mean time per level.
                   A        B        C        D        E       F      G
               +--------+--------+--------+--------+--------+-----+--------+
         Total |    261 |    261 |      0 |    146 |      0 |   1 |  261.0 |
       Dungeon |    261 |    261 |      0 |    146 |      0 |   1 |  261.0 |
               +--------+--------+--------+--------+--------+-----+--------+

Top non-repeatable levels by time:
       D: 261 daAuts
